 Dungeon Crawl Stone Soup version 0.29.0-4-gdea44cf6ec (webtiles) character file.

Game seed: 8950473342689904514

2 qw the Sneak (level 1, -3/14 HPs)
             Began as a Gargoyle Delver on Sept 10, 2022.
             Was an Initiate of Okawaru.
             Slain by a phantom (5 damage)
             ... on level 4 of the Dungeon.
             The game lasted 00:00:12 (1098 turns).

qw the Sneak (Gargoyle Delver)                      Turns: 1098, Time: 00:00:12

Health: -3/14      AC:  7    Str: 15    XL:     1   Next: 40%
Magic:  1/1        EV: 10    Int: 10    God:    Okawaru [......]
Gold:   54         SH:  0    Dex: 11    Spells: 0/0 levels left

rFire   . . .      SeeInvis .   Y - +0 hand axe
rCold   . . .      Faith    .   (no shield)
rNeg    + . .      Spirit   .   k - +0 ring mail
rPois   inf        Reflect  .   (no helmet)
rElec   +          Harm     .   (no cloak)
rCorr   .          Rampage  .   (no gloves)
Will    .....                   (no boots)
Stlth   ++........              (no amulet)
HPRegen 0.04/turn               (no ring)
MPRegen 0.07/turn               (no ring)

@: no status effects
A: sickness immunity, AC +2, negative energy resistance 1, electricity
resistance, torment resistance 1, petrification resistance
a: Renounce Religion


You were on level 4 of the Dungeon.
You worshipped Okawaru.
Okawaru was noncommittal.
You visited 2 branches of the dungeon, and saw 3 of its levels.

You collected 54 gold pieces.


Innate Abilities, Weirdness & Mutations

You are immune to sickness and miasma.
Your stone body is resilient. (AC +2)
You are immune to poison.
You resist negative energy. (rN+)
You are resistant to electric shocks. (rElec)
You are resistant to unholy torment.
You are immune to petrification.


   Skills:
 - Level 3.2 Fighting
 + Level 2.0 Axes
 - Level 1.5 Dodging
 - Level 5.4 Stealth


You couldn't memorise any spells.
You didn't know any spells.
Your spell library was empty.

Inventory:

Hand Weapons
 l - a +0 club
 Y - a +0 hand axe (weapon)
Armour
 b - a +0 scale mail
 k - a +0 ring mail (worn)
 o - a +0 pair of boots
Wands
 g - a wand of digging (3)
Scrolls
 a - 2 scrolls of identify
 e - a scroll of blinking {unknown}
 m - a scroll of vulnerability {unknown}
 n - a scroll of teleportation {unknown}
Potions
 c - 2 potions of curing
 d - a potion of heal wounds {unknown}
 f - a potion of haste
 h - a potion of invisibility {unknown}
 i - 2 potions of flight {unknown}
 j - a potion of degeneration {unknown}

Dungeon Overview and Level Annotations

Branches:
Dungeon (5/15)             Temple (1/1) D:4

Altars:
Ashenzari
Cheibriados
Dithmenos
Gozag
Hepliaklqana
Kikubaaqudgha
Makhleb
Nemelex Xobeh
Okawaru
Qazlal
Ru
Uskayaw
Vehumet
Wu Jian
Yredelemnul
The Shining One


Message History

The phantom is moderately damaged.
The phantom closely misses you.
You completely miss the phantom.
The phantom is moderately damaged.
The phantom closely misses you.
You closely miss the phantom.
The phantom is moderately damaged.
The phantom closely misses you.
You closely miss the phantom.
The phantom is moderately damaged.
The phantom hits you but does no damage.
You closely miss the phantom.
The phantom is moderately damaged.
The phantom hits you but does no damage.
The phantom hits you.
The phantom blinks!
You blink.
You closely miss the phantom.
The phantom is moderately damaged.
The phantom hits you but does no damage.
You hit the phantom.
The phantom is moderately damaged.
The phantom hits you.
The phantom blinks!
You blink.
You barely miss the phantom.
The phantom is moderately damaged.
The phantom hits you but does no damage.
You closely miss the phantom.
The phantom is moderately damaged.
The phantom hits you.
The phantom blinks!
You blink.
You hit the phantom.
The phantom is moderately damaged.
The phantom hits you but does no damage. x2
You hit the phantom but do no damage.
The phantom is moderately damaged.
The phantom barely misses you.
You barely miss the phantom.
The phantom is moderately damaged.
The phantom closely misses you.
You hit the phantom but do no damage.
The phantom is moderately damaged.
The phantom hits you.
You die...

... ###
##############
#..
..............
#.# #.......####
#.# +.......'...
..# #.......####
#.# #....####
#.# #....# #@#
#....# #W#
#....#### #.#
#.......#
#.#.###.......#
#.#...........#
##.########....#
#..............#
##########.#'###
#.#.#


You could see a phantom.

Vanquished Creatures
  A ball python (D:4)
  A goblin (D:4)
2 creatures vanquished.

Notes
Turn   | Place    | Note
-------+----------+-------------------------------------------
     0 | D:5      | qw the Gargoyle Delver began the quest for the Orb.
     0 | D:5      | Reached XP level 1. HP: 14/14 MP: 1/1
     0 | D:5      | 0 ||| qw: Version: 0.1-a-117-gfe26ee0
     0 | D:5      | 0 ||| qw: Game counter: 9768
     0 | D:5      | 0 ||| qw: Always use a shield: true
     0 | D:5      | 0 ||| qw: God list: Okawaru
     0 | D:5      | 0 ||| qw: Allow faded altars: false
     0 | D:5      | 0 ||| qw: Do Orc after D:15 true
     0 | D:5      | 0 ||| qw: Do second Lair branch before Depths: true
     0 | D:5      | 0 ||| qw: Lair rune preference: random
     0 | D:5      | 0 ||| qw: Plans: Normal
     0 | D:5      | 0 ||| PLANNING D:1-11
    40 | D:5      | 40 ||| DROPPING scroll of fog.
    41 | D:5      | 41 ||| DROPPING scroll of magic mapping.
    42 | D:5      | 42 ||| DROPPING scroll of fear.
   166 | D:4      | 166 ||| Stepping ~*~*~tactically~*~*~ (stealth).
   172 | D:4      | 172 ||| Stepping ~*~*~tactically~*~*~ (stealth).
   173 | D:4      | 173 ||| Stepping ~*~*~tactically~*~*~ (stealth).
   175 | D:4      | 175 ||| Stepping ~*~*~tactically~*~*~ (stealth).
   344 | D:4      | Found a staircase to the Ecumenical Temple.
   345 | D:4      | 345 ||| PLANNING TEMPLE
   345 | D:4      | 345 ||| UPGRADING to +0 ring mail.
   355 | D:4      | 355 ||| DROPPING +0 leather armour.
   356 | D:4      | 356 ||| READING 2 scrolls labelled ISEM EPUNN.
   357 | D:4      | 357 ||| DRINKING 3 blue potions.
   362 | Temple   | Entered the Ecumenical Temple
   567 | Temple   | 567 ||| PLANNING D:1-11
   609 | Temple   | Became a worshipper of Warmaster Okawaru
   951 | D:4      | Found a stormy altar of Qazlal.
   952 | D:4      | Found a sparkling altar of Nemelex Xobeh.
  1082 | D:4      | Noticed a phantom
  1083 | D:4      | 1083 ||| Stepping ~*~*~tactically~*~*~ (stealth).
  1094 | D:4      | HP: 1/14 [phantom (6)]
  1098 | D:4      | Slain by a phantom

Levels and vault maps discovered:
D:4:      layout_basic, minitemple, temple_doors_e
D:5:      layout_gridville, enter_ossuary_3
Temple:   dpeg_chambers_temple

Skill      XL: |  1 |
---------------+----+-----
Axes           | 2 |  2.0
Fighting       | |  3.2
Dodging        | |  1.5
Stealth        | |  5.4

Action                   || total
-------------------------++-------
Melee: Hand axe          ||    16
  Use: Scroll            ||     1
       Potion            ||     1
Armor: Ring mail         ||     6
Dodge: Dodged            ||     7

Table legend:
 A = Non-vault XP
 B = Vault XP
 C = Vault XP percentage of total XP
 D = Non-vault monster count
 E = Vault monster count
 F = Vault count percentage of total count
                 A         B        C        D         E       F
            +---------+---------+-------+---------+---------+-------
      Total |       4 |       0 |   0.0 |       2 |       0 |   0.0
            +---------+---------+-------+---------+---------+-------
        D:4 |       4 |       0 |   0.0 |       2 |       0 |   0.0
            +---------+---------+-------+---------+---------+-------
